 Dungeon Crawl Stone Soup version 0.31.0-11-ge490571c62 (webtiles) character file.

Game seed: 4007614727293261

42 qw the Shooter (level 3, 0/18 HPs)
             Began as a Spriggan Hunter on Feb 4, 2024.
             Slain by a gnoll
             ... wielding a +0 halberd
              (5 damage)
             ... on level 2 of the Dungeon.
             The game lasted 00:00:02 (658 turns).

qw the Shooter (Spriggan Hunter)                     Turns: 658, Time: 00:00:03

Health: 0/18       AC:  2    Str:  7    XL:     3   Next: 33%
Magic:  4/4        EV: 19    Int: 10    God:
Gold:   63         SH:  0    Dex: 20    Spells: 2/2 levels left

rFire   . . .        a - +0 shortbow
rCold   . . .        (shield currently unavailable)
rNeg    . . .        c - +0 robe
rPois   .            (helmet restricted)
rElec   .            (no cloak)
rCorr   .            (gloves unavailable)
SInv    +            (boots unavailable)
Will    .....        (no amulet)
Stlth   ++           (no ring)
HPRegen 0.23/turn    (no ring)
MPRegen 0.09/turn

%: no passive effects
@: very quick
A: very small, no large weapons, unfitting armour, see invisible, speed 3
a: no special abilities


You were on level 2 of the Dungeon.
You visited 1 branch of the dungeon, and saw 2 of its levels.

You collected 63 gold pieces.


Innate Abilities, Weirdness & Mutations

You are very small and have problems with some larger weapons.
You are too small for most types of armour.
You have supernaturally acute eyesight. (SInv)
You cover ground extremely quickly. (Speed+++)


   Skills:
 - Level 1.5 Fighting
 + Level 4.6 Ranged Weapons
 - Level 4.0 Dodging
 - Level 1.5 Stealth


You had 2 spell levels left.
You didn't know any spells.
Your spell library was empty.

Inventory:

Hand Weapons
 a - a +0 shortbow (weapon)
Armour
 c - a +0 robe (worn)
Potions
 e - a potion of ambrosia {unknown}

Dungeon Overview and Level Annotations

Branches:
Dungeon (2/15)

Altars:


Message History

The gnoll is severely wounded.
The jackal misses you. x2
You shoot an arrow. The arrow barely misses the jackal.
The arrow hits the gnoll.
You kill the gnoll!
The jackal barely misses you. The jackal completely misses you.
You have reached level 3!
Your experience leads to an increase in your attributes!
Increase (S)trength, (I)ntelligence, or (D)exterity?
You feel agile. x2
You shoot an arrow. The arrow hits the jackal!
You kill the jackal!
The rat closely misses you. The gnoll misses you.
You shoot an arrow. The arrow hits the rat!
You kill the rat!
The jackal misses you.
The gnoll hits you from afar with a +0 halberd!
Ouch! That really hurt!
You shoot an arrow. The arrow barely misses the jackal.
The arrow hits the jackal!
You kill the jackal!
The jackal closely misses you.
The gnoll hits you from afar with a +0 halberd.
The jackal bites you but does no damage.
You shoot an arrow. The arrow closely misses the jackal.
The arrow hits the quokka.
The quokka is almost dead.
The jackal misses you. The gnoll closely misses you.
You shoot an arrow. The arrow hits the jackal.
The jackal is severely wounded.
The jackal bites you but does no damage.
The gnoll misses you. The jackal completely misses you.
You shoot an arrow. The arrow hits the jackal!
You kill the jackal!
The gnoll completely misses you.
You shoot an arrow. The arrow closely misses the jackal.
The arrow barely misses the quokka.
The jackal bites you.
The gnoll hits you from afar with a +0 halberd.
You die...

#.##
##...#####
##...#
.[.......#
.....
g..).....#
....
.........# ...
.).......# ..
.....?...# .#
.g......g###.#
........rh@<.#
.........#####
)........#
.........#
..........
#.........
#.........#
.........#


You could see a gnoll, a quokka and a jackal.

Vanquished Creatures
  2 gnolls (D:2)
  2 endoplasms (D:1)
  A giant cockroach (D:1)
  3 goblins
  3 hobgoblins
  3 jackals (D:2)
  A ball python (D:1)
  A bat (D:1)
  A frilled lizard (D:1)
  4 rats
21 creatures vanquished.

Notes
Turn   | Place    | Note
-------+----------+-------------------------------------------
     0 | D:1      | qw the Spriggan Hunter began the quest for the Orb.
     0 | D:1      | Reached XP level 1. HP: 10/10 MP: 2/2
     0 | D:1      | 0 ||| qw: Version: 0.3-a-160-g6735b56
     0 | D:1      | 0 ||| qw: Game counter: 4768
     0 | D:1      | 0 ||| qw: Melee chars always use a shield: true
     0 | D:1      | 0 ||| qw: God list: Okawaru
     0 | D:1      | 0 ||| qw: Allow faded altars: false
     0 | D:1      | 0 ||| qw: Do Orc after clearing Dungeon:15 true
     0 | D:1      | 0 ||| qw: Do second Lair branch before Depths: true
     0 | D:1      | 0 ||| qw: Lair rune preference: random
     0 | D:1      | 0 ||| qw: Goals: Normal
     0 | D:1      | 0 ||| PLANNING D:1-11
    21 | D:1      | Reached skill level 3 in Dodging
   272 | D:1      | Reached XP level 2. HP: 14/14 MP: 3/3
   604 | D:1      | 604 ||| READING scroll labelled YSUKOIZXUS.
   605 | D:1      | 605 ||| READING scroll labelled SIG FIUVOVILL.
   609 | D:1      | 609 ||| DROPPING scroll of butterflies.
   633 | D:2      | 633 ||| RETREEEEATING.
   637 | D:2      | 637 ||| RETREEEEATING.
   641 | D:2      | 641 ||| RETREEEEATING.
   652 | D:2      | Reached XP level 3. HP: 18/18 MP: 4/4
   654 | D:2      | HP: 4/18 [gnoll/+0 halberd (3)]
   658 | D:2      | Slain by a gnoll

Levels and vault maps discovered:
D:1:      lightli_arrival_statuegarden, layout_basic, serial_park_tiny_1,
          chequers_jeans
D:2:      layout_basic, kennysheep_generic_room_6

Skill      XL: |  1  2 |
---------------+-------+-----
Dodging        | 3 4 |  4.0
Fighting       | |  1.5
Ranged Weapons | |  4.6
Stealth        | |  1.5

Action                     || total
---------------------------++-------
   Fire: Shortbow          ||    60
    Use: Scroll            ||     2
 Armour: Robe              ||     8
  Dodge: Dodged            ||    31

Table legend:
 A = Non-vault XP
 B = Vault XP
 C = Vault XP percentage of total XP
 D = Non-vault monster count
 E = Vault monster count
 F = Vault count percentage of total count
                 A         B        C        D         E       F
            +---------+---------+-------+---------+---------+-------
      Total |      60 |       0 |   0.0 |      21 |       0 |   0.0
            +---------+---------+-------+---------+---------+-------
        D:1 |      20 |       0 |   0.0 |      13 |       0 |   0.0
        D:2 |      40 |       0 |   0.0 |       8 |       0 |   0.0
            +---------+---------+-------+---------+---------+-------
